 Dungeon Crawl Stone Soup version 0.21-a0-426-g98080a9 (webtiles) character file.

72 kae the Chiller (level 4, -2/30 HPs)
             Began as a Merfolk Ice Elementalist on Nov 7, 2017.
             Slain by a gnoll
             ... wielding a +0 halberd
              (10 damage)
             ... on level 2 of the Dungeon.
             The game lasted 00:01:36 (1124 turns).

kae the Chiller (Merfolk Ice Elementalist)          Turns: 1124, Time: 00:01:37

Health: -2/30      AC:  4    Str:  8    XL:     4   Next: 26%
Magic:  1/8        EV: 13    Int: 15    God:
Gold:   59         SH:  0    Dex: 14    Spells: 6/9 levels left

rFire    x . .     SeeInvis .   h - +1 dagger (drain)
rCold    + . .     Gourm    .   (no shield)
rNeg     . . .     Faith    .   a - +0 robe
rPois    .         Spirit   .   g - +1 helmet
rElec    .         Reflect  .   (no cloak)
rCorr    .         Harm     .   (no gloves)
MR       .....                  (no boots)
Stlth    ++........             (no amulet)
HPRegen  0.10/turn              l - ring of ice
MPRegen  0.11/turn              (no ring)

@: very slightly contaminated
A: change form in water, swift swim, stealthy swim
a: no special abilities


You were on level 2 of the Dungeon.
You were not hungry.

You visited 1 branch of the dungeon, and saw 2 of its levels.

You collected 59 gold pieces.

Inventory:

Hand Weapons
 h - a +1 dagger of draining (weapon)
Armour
 a - a +0 robe (worn)
 g - a +1 helmet (worn)
Jewellery
 l - a ring of ice (left hand)
Scrolls
 d - a scroll of teleportation {unknown}
 e - a scroll of remove curse {unknown}
 i - 3 scrolls of identify
 n - a scroll of recharging {unknown}
Potions
 j - a potion of brilliance {unknown}
 k - a potion of invisibility
 m - a potion of mutation
 o - a potion of curing
Books
 b - a book of Frost

   Spells                             Type                      Level
   a - Freeze                         Ice                          1
   b - Throw Frost                    Conjuration/Ice              2
   c - Ozocubu's Armour               Charms/Ice                   3
   d - Throw Icicle                   Conjuration/Ice              4
   e - Summon Ice Beast               Ice/Summoning                4
Comestibles
 c - 3 bread rations
 f - a royal jelly


   Skills:
 - Level 2.6 Dodging
 - Level 2.1 Stealth
 + Level 3.2 Spellcasting
 - Level 0.7 Conjurations
 + Level 4.5 Ice Magic


You had 6 spell levels left.
You knew the following spells:

 Your Spells              Type           Power        Failure   Level  Hunger
a - Freeze                Ice            ###.         3%          1    #......
b - Throw Frost           Conj/Ice       ###...       10%         2    ##.....


Dungeon Overview and Level Annotations

Branches:
Dungeon (2/15)

Altars:


Message History

Aiming: Freeze
Press: ? - help, Shift-Dir - straight line, f/p - gnoll
Aim: a gnoll (almost dead)
You feel a surge of power!
You freeze the gnoll.
You kill the gnoll!
The gnoll misses you.
Casting: Freeze
Confirm with . or Enter, or press ? or * to list all spells.
Aiming: Throw Frost
Press: ? - help, Shift-Dir - straight line, f - gnoll
Aim: a gnoll, wielding a halberd You feel a surge of power!
The puff of frost hits the gnoll.
The gnoll is severely wounded.
The gnoll hits you from afar with a halberd!
* * * LOW HITPOINT WARNING * * *
The gnoll closely misses you.
You hit the gnoll but do no damage.
The gnoll is severely wounded.
The gnoll barely misses you. The gnoll hits you with a halberd!
You die...

..#.P.#######.# #.#
.♣#..8##...##†# #.#
###......#.##.#####.#
###....).#.##.......#
..#...##†.....##(####
.8#..♣####.##†##.#
.P#.P### #.#.....########
..'.P#.###.#............#
..#P8#..##.#...#@######.#
..#..#..##.##.##g#
..#.##.....##.##g#
###.#..#...##.##?###
###.....###.##...#
#...#####.####g###
#####...####...†......
...........#.#.....(...
#######.............##..#


You could see 2 gnolls.

Vanquished Creatures
  A gnoll (D:2)
  4 oozes (D:1)
  A dart slug (D:2)
  A leopard gecko (D:1)
  An orc (D:2)
  10 bats
  3 giant cockroaches (D:1)
  4 goblins
  3 hobgoblins
  A quokka (D:2)
  3 frilled lizards
  3 kobolds (D:1)
  9 rats (D:1)
44 creatures vanquished.

Notes
Turn   | Place    | Note
-------+----------+-------------------------------------------
     0 | D:1      | kae the Merfolk Ice Elementalist began the quest for the Orb.
     0 | D:1      | Reached XP level 1. HP: 13/13 MP: 3/3
   165 | D:1      | Reached XP level 2. HP: 11/19 MP: 1/5
   445 | D:1      | Reached XP level 3. HP: 17/24 MP: 6/6
   447 | D:1      | Reached skill level 4 in Ice Magic
   979 | D:2      | Learned a level 2 spell: Throw Frost
  1044 | D:2      | Found a faded altar of an unknown god.
  1046 | D:2      | Reached XP level 4. HP: 30/30 MP: 8/8
  1124 | D:2      | Slain by a gnoll

Vault maps used:
D:1:      minmay_arrival_cross
D:2:      chequers_ecumenical_altar_lobes, uniq_natasha

Skill      XL: |  1  2  3 |
---------------+----------+-----
Ice Magic      | 4 |  4.5
Spellcasting   | 3 |  3.2
Dodging        | |  2.6
Stealth        | |  2.1
Conjurations   | |  0.7

Action                   |  1- 3 |  4- 6 || total
-------------------------+-------+-------++-------
Melee: Unarmed           |    19 |       ||    19
       Dagger            |    74 |     6 ||    80
 Cast: Freeze            |    21 |     5 ||    26
       Throw Frost       |       |     1 ||     1
  Use: Scroll            |     8 |       ||     8
 Stab: Sleeping          |     3 |       ||     3
  Eat: Chunk             |     1 |       ||     1
Armor: Robe              |    35 |     2 ||    37
Dodge: Dodged            |   107 |    14 ||   121

Table legend:
 A = Spawn XP
 B = Non-spawn XP
 C = Spawn XP percentage of total XP
 D = Spawn monster count
 E = Non-spawn monster count
 F = Spawn count percentage of total count
 G = Total turns spent on level
                    A         B        C        D         E        F      G
               +---------+---------+-------+---------+---------+-------+---------
         Total |       0 |     104 |   0.0 |       0 |      44 |   0.0 |  1124
               +---------+---------+-------+---------+---------+-------+---------
           D:1 |       0 |      70 |   0.0 |       0 |      33 |   0.0 |   906
           D:2 |       0 |      34 |   0.0 |       0 |      11 |   0.0 |   218
               +---------+---------+-------+---------+---------+-------+---------
